 Dungeon Crawl Stone Soup version 0.21-a0-265-gb353147 (webtiles) character file.

10257 roguesci the Covert (level 11, -6/98 (99) HPs)
             Began as a Naga Transmuter on Sept 10, 2017.
             Was an Elder of Cheibriados.
             Mangled by a wyvern (17 damage)
             ... on level 12 of the Dungeon on Sept 12, 2017.
             The game lasted 01:13:31 (17953 turns).

roguesci the Covert (Naga Transmuter)              Turns: 17953, Time: 01:13:35

HP:   -6/98 (99)    AC: 10    Str: 21    XL:     11   Next: 59%
MP:   8/21          EV:  9    Int: 26    God:    Cheibriados [****..]
Gold: 602           SH: 12    Dex: 21    Spells: 9/23 levels left

rFire    + . .     SeeInvis +   t - +1 dagger (drain)
rCold    . . .     Gourm    .   b - +3 buckler
rNeg     . . .     Faith    .   E - +3 leather armour of Terror {rF+ MR+ SInv}
rPois    +         Spirit   .   I - +0 helmet
rElec    .         Reflect  +   S - +0 cloak
rCorr    +         Harm     .   (no gloves)
MR       ++...                  (no barding)
Stlth    +++.......             G - +5 amulet of reflection
HPRegen  0.26/turn              J - ring of resist corrosion
MPRegen  0.17/turn              (no ring)

@: very slightly contaminated, very heavily drained, very slow
A: see invisible, deformed body, poison resistance, slowness 2, slow metabolism
1, spit poison 1, AC +3
a: Spit Poison, Bend Time, Temporal Distortion, Slouch, Renounce Religion


You were on level 12 of the Dungeon.
You worshipped Cheibriados.
Cheibriados was greatly pleased with you.
You were not hungry.

You visited 3 branches of the dungeon, and saw 14 of its levels.
You also visited: Sewer.

You collected 602 gold pieces.

Inventory:

Hand Weapons
 f - a +2 flail of protection
 t - a +1 dagger of draining (weapon)
 W - a +2 rapier of holy wrath
Missiles
 m - 311 stones (quivered)
Armour
 b - a +3 buckler (worn)
 r - a +0 chain mail of fire resistance
 E - the +3 leather armour of Terror (worn) {rF+ MR+ SInv}
   (You found it on level 4 of the Dungeon)

   It protects you from fire.
   It affects your resistance to hostile enchantments.
   It lets you see invisible.
 I - a +0 helmet (worn)
 S - a +0 cloak (worn)
Jewellery
 g - an uncursed amulet of regeneration
 u - an uncursed amulet of guardian spirit
 G - a +5 amulet of reflection (around neck)
 J - a ring of resist corrosion (left hand)
 R - an uncursed ring of fire
 U - an uncursed ring of flight
Wands
 c - a wand of disintegration (9/24)
 N - a wand of digging (11/24)
Scrolls
 o - 3 scrolls of remove curse
 p - a scroll of enchant armour
 A - a scroll of recharging
 B - a scroll of magic mapping
 F - a scroll of fear
Potions
 e - a potion of curing
 h - 4 potions of lignification
 z - a potion of berserk rage
 D - 2 potions of haste
 L - a potion of resistance
 O - a potion of cancellation
Books
 i - the Handbook of the Lion
   (You found it on level 11 of the Dungeon)

   Spells                             Type                      Level
   a - Summon Butterflies             Summoning                    1
   b - Shroud of Golubria             Charms/Translocation         2
   c - Recall                         Summoning/Translocation      3
   d - Summon Hydra                   Summoning                    7
   e - Malign Gateway                 Summoning/Translocation      7
 v - a book of Flames

   Spells                             Type                      Level
   a - Flame Tongue                   Conjuration/Fire             1
   b - Throw Flame                    Conjuration/Fire             2
   c - Conjure Flame                  Conjuration/Fire             3
   d - Inner Flame                    Hexes/Fire                   3
   e - Sticky Flame                   Conjuration/Fire             4
   f - Fireball                       Conjuration/Fire             5
 M - a book of Necromancy

   Spells                             Type                      Level
   a - Pain                           Necromancy                   1
   b - Animate Skeleton               Necromancy                   1
   c - Vampiric Draining              Necromancy                   3
   d - Regeneration                   Charms/Necromancy            3
   e - Animate Dead                   Necromancy                   4
   f - Control Undead                 Necromancy                   4
 T - a book of Changes

   Spells                             Type                      Level
   a - Beastly Appendage              Transmutation                1
   b - Sticks to Snakes               Transmutation                2
   c - Spider Form                    Transmutation/Poison         3
   d - Ice Form                       Ice/Transmutation            4
   e - Blade Hands                    Transmutation                5
Comestibles
 a - 4 fruits
 d - 14 bread rations
 j - a royal jelly
 k - 3 chunks of flesh
 q - 3 meat rations


   Skills:
 + Level 6.4(1.1) Fighting
 - Level 1.7(0.0) Armour
 * Level 7.0(1.7) Dodging
 + Level 9.4(3.7) Stealth
 + Level 5.0(0.0) Shields
 + Level 5.5(0.4) Unarmed Combat
 * Level 6.7(1.4) Spellcasting
 * Level 1.6(0.0) Charms
 - Level 6.0(0.8) Necromancy
 - Level 4.0(0.0) Transmutations
 - Level 4.1(0.0) Poison Magic


You had 9 spell levels left.
You knew the following spells:

 Your Spells              Type           Power        Failure   Level  Hunger
a - Shroud of Golubria    Chrm/Tloc      #.........   32%         2    ###....
b - Spider Form           Tmut/Pois      #.........   54%         3    ###....
c - Animate Skeleton      Necr           N/A          16%         1    #......
d - Pain                  Necr           #...         16%         1    #......
e - Regeneration          Chrm/Necr      #.........   50%         3    ###....
f - Animate Dead          Necr           N/A          83%         4    #####..


Dungeon Overview and Level Annotations

Branches:
Dungeon (12/15)            Temple (1/1) D:7            Lair (1/6) D:10
    Orc: D:9-12

Altars:
Ashenzari
Cheibriados
Dithmenos
Elyvilon
Fedhas
Gozag
Hepliaklqana
Kikubaaqudgha
Makhleb
Nemelex Xobeh
Okawaru
Qazlal
Ru
Sif Muna
Trog
Uskayaw
Vehumet
Wu Jian
Xom
Yredelemnul
Zin
The Shining One

Annotations:
D:9 4thArraOfDagon's ghost, novice BaAM
D:11 Slowdrip's ghost, journeyman HaGl


Innate Abilities, Weirdness & Mutations

You cannot wear boots.
Your serpentine skin is tough. (AC +3)
You have supernaturally acute eyesight. (SInv)
Armour fits poorly on your strangely shaped body.
Your system is resistant to poisons. (rPois)
You cover ground very slowly.
You have a slow metabolism.
You can spit poison.


Message History

The wyvern completely misses you. The wyvern bites you!
* * * LOW HITPOINT WARNING * * *
The wyvern bites you!
* * * LOW HITPOINT WARNING * * *
You block the wyvern's attack. The wyvern completely misses you.
The wyvern barely misses you.
The wyvern bites you but does no damage.
You fail to use your ability.
The wyvern misses you.
You fail to use your ability.
The wyvern bites you!
* * * LOW HITPOINT WARNING * * *
The wyvern closely misses you.
You fail to use your ability.
The wyvern barely misses you.
You fail to use your ability.
Your transformation has ended.
Your +1 dagger of draining unmelds from your body.
Your +0 cloak unmelds from your body.
Your +0 helmet unmelds from your body.
Your +3 buckler unmelds from your body.
The +3 leather armour of Terror {rF+ MR+ SInv} unmelds from your body.
You sense an unholy aura.
The wyvern bites you!
You die...

.......(.
......#.###
#.....#...
#........#
#........#
#........#######.
.................
#...<.........
#..@..########
##l##########
#...........
############


You could see a wyvern.

Vanquished Creatures
  Erica (D:8)
  2 two-headed ogres
  Sonja (D:10)
  Maurice (D:8)
  2 gargoyles
  2 hippogriffs
  A spriggan (D:7)
  9 yaks
  Edmund (D:4)
  A sky beast (D:9)
  An orc warrior (D:7)
  3 phantoms
  An eye of draining (D:10)
  4 ogres
  3 black bears
  A necrophage (D:8)
  4 ice beasts
  5 wolves (D:10)
  8 centaurs
  4 bullfrogs
  5 killer bees (D:7)
  2 howler monkeys (D:5)
  6 crimson imps
  3 jellies
  4 hounds
  6 orc priests
  8 orc wizards
  A bullfrog skeleton (D:4)
  5 iguanas
  14 worker ants
  2 hound zombies
  2 hound skeletons
  21 adders
  3 shadow imps
  An ooze (D:4)
  An adder zombie (D:5)
  2 adder skeletons
  4 worms
  5 leopard geckos
  22 orcs
  4 ball pythons (Sewer)
  6 bats
  9 giant cockroaches
  12 goblins
  6 hobgoblins
  2 jackals (D:3)
  7 kobolds
  5 quokkas
  9 frilled lizards
  12 rats
244 creatures vanquished.

Vanquished Creatures (others)
  An iguana (D:7)
1 creature vanquished.

Grand Total: 245 creatures vanquished

Notes
Turn   | Place    | Note
-------+----------+-------------------------------------------
     0 | D:1      | roguesci the Naga Transmuter began the quest for the Orb.
     0 | D:1      | Reached XP level 1. HP: 18/18 MP: 3/3
    39 | D:1      | Reached skill level 1 in Stealth
   473 | D:1      | Reached XP level 2. HP: 16/25 MP: 3/5
  1430 | D:2      | Reached XP level 3. HP: 22/32 MP: 4/6
  1435 | D:2      | Learned a level 3 spell: Spider Form
  2082 | D:3      | Reached skill level 2 in Stealth
  2082 | D:3      | Reached skill level 1 in Poison Magic
  2082 | D:3      | Reached XP level 4. HP: 36/39 MP: 3/7
  2098 | D:3      | Reached XP level 5. HP: 34/46 MP: 2/8
  2278 | D:3      | Reached skill level 3 in Stealth
  2521 | D:3      | Noticed a centaur
  2539 | D:3      | Killed a centaur
  2539 | D:3      | Reached skill level 1 in Shields
  2539 | D:3      | Reached XP level 6. HP: 40/55 MP: 6/10
  3182 | D:4      | Noticed Edmund
  3193 | D:4      | Killed Edmund
  3193 | D:4      | Reached skill level 4 in Stealth
  3193 | D:4      | Reached XP level 7. HP: 42/61 MP: 7/11
  3821 | D:4      | Found a stormy altar of Qazlal.
  4281 | D:4      | Got a slimy leather armour
  4292 | D:4      | Identified the +3 leather armour of Terror {rF+ MR+ SInv} (You found it on level 4 of the Dungeon)
  4495 | D:5      | Entered Level 5 of the Dungeon
  4520 | D:5      | Reached skill level 5 in Stealth
  4520 | D:5      | Reached XP level 8. HP: 50/69 MP: 9/12
  4814 | D:5      | Reached skill level 1 in Armour
  5577 | D:6      | Found a glowing drain.
  5608 | Sewer    | Entered a sewer
  6578 | D:6      | Learned a level 1 spell: Animate Skeleton
  6580 | D:6      | Learned a level 1 spell: Pain
  6584 | D:6      | Learned a level 3 spell: Regeneration
  6689 | D:6      | Reached XP level 9. HP: 75/79 MP: 14/14
  6791 | D:6      | Reached skill level 6 in Stealth
  7437 | D:7      | Reached skill level 1 in Necromancy
  7716 | D:7      | Found a staircase to the Ecumenical Temple.
  7744 | Temple   | Entered the Ecumenical Temple
  7848 | Temple   | Became a worshipper of Cheibriados the Contemplative
  8158 | D:7      | Reached skill level 5 in Dodging
  8179 | D:7      | Reached skill level 7 in Stealth
  8739 | D:7      | Reached * piety under Cheibriados
  8739 | D:7      | Reached skill level 5 in Fighting
  9636 | D:8      | Noticed Erica
  9637 | D:8      | Noticed Maurice
  9890 | D:8      | Reached XP level 10. HP: 80/87 MP: 15/17
  9965 | D:8      | Reached ** piety under Cheibriados
 10063 | D:8      | Found a deep blue altar of Sif Muna.
 10242 | D:8      | Killed Maurice
 10242 | D:8      | Reached skill level 5 in Spellcasting
 10283 | D:8      | Killed Erica
 10432 | D:8      | Found a shattered altar of Ashenzari.
 10443 | D:8      | Learned a level 4 spell: Animate Dead
 10490 | D:9      | Noticed 4thArraOfDagon's ghost (novice BaAM)
 11108 | D:9      | Noticed a gargoyle
 11137 | D:9      | Killed a gargoyle
 11137 | D:9      | Reached skill level 8 in Stealth
 12370 | D:10     | Entered Level 10 of the Dungeon
 12491 | D:10     | Identified Vofras's Papyrus of Ghastly Poisoning
 12602 | D:10     | Reached skill level 5 in Necromancy
 12757 | D:10     | Reached *** piety under Cheibriados
 12840 | D:10     | Reached XP level 11. HP: 69/96 MP: 15/20
 13001 | D:10     | Noticed a two-headed ogre
 13014 | D:10     | Killed a two-headed ogre
 13014 | D:10     | Reached skill level 5 in Unarmed Combat
 13107 | D:10     | Found a staircase to the Lair.
 13296 | D:11     | Noticed Slowdrip's ghost (journeyman HaGl)
 13388 | D:10     | Reached skill level 9 in Stealth
 13613 | D:11     | Noticed a two-headed ogre
 13622 | D:11     | Killed a two-headed ogre
 13739 | Lair:1   | Entered Level 1 of the Lair of Beasts
 13739 | Lair:1   | Noticed Sonja
 13764 | Lair:1   | Noticed an eight-headed hydra
 14314 | D:10     | Killed Sonja
 14593 | D:11     | Reached skill level 1 in Charms
 14597 | D:11     | Identified the Handbook of the Lion
 14705 | D:10     | Learned a level 2 spell: Shroud of Golubria
 16750 | D:11     | Reached **** piety under Cheibriados
 17359 | D:10     | Reached skill level 5 in Shields
 17764 | D:11     | Noticed a two-headed ogre
 17953 | D:12     | Mangled by a wyvern

Vault maps used:
D:1:      saegor_arrival_miasma
D:2:      first_bread
D:3:      patterned_corridor
D:4:      wad_river_or_something, grunt_ministairs_9, grunt_qazlal_clouds,
          uniq_edmund
D:5:      kennysheep_generic_room_9
D:6:      gup_sewer_entry_bubbles
D:7:      minmay_temple_entry_water_ring, the_bakery
D:8:      lemuel_blue_sif_altar, lemuel_round_altar, uniq_maurice, uniq_erica
D:10:     lair_entry_dummy
D:11:     erik_orc_3, hex_medium, lightli_corner_chamber
Temple:   regret_index_temple_chain_breaker
Lair:1:   nicolae_quartered_pool_medium, grunt_forest_stairs_basic,
          serial_bayou_shore_a, grunt_megastairs_1, uniq_gastronok, uniq_sonja
Sewer:    sewer_frog_island_01

Skill      XL: |  1  2  3  4  5  6  7  8  9 10 11 |
---------------+----------------------------------+-----
Stealth        | 1 2 3 4 5 7 8 9 |  9.4
Fighting       | 2 3 4 5 6 |  6.4
Dodging        | 2 3 4 5 6 7 |  7.0
Poison Magic   | 1 2 3 4 |  4.1
Shields        | 1 2 3 4 5 |  5.0
Transmutations | 3 4 |  4.0
Spellcasting   | 3 4 6 |  6.7
Armour         | 1 |  1.7
Necromancy     | 3 5 6 |  6.0
Unarmed Combat | 4 5 |  5.5
Charms         | 1 |  1.6

Action                   |  1- 3 |  4- 6 |  7- 9 | 10-12 || total
-------------------------+-------+-------+-------+-------++-------
Melee: Unarmed           |   116 |    57 |   397 |   225 ||   795
       Headbutt          |     5 |       |       |       ||     5
       Dagger            |     2 |    51 |   340 |   267 ||   660
       Punch             |     1 |       |       |       ||     1
Throw: Stone             |     1 |       |     1 |     8 ||    10
 Cast: Beastly Appendage |     6 |     1 |       |       ||     7
       Spider Form       |     2 |     9 |    47 |    34 ||    92
       Pain              |       |       |     3 |    23 ||    26
       Regeneration      |       |       |     1 |    10 ||    11
       Shroud of Golubri |       |       |       |     4 ||     4
 Abil: Spit Poison       |     2 |     1 |     2 |     2 ||     7
  Use: Scroll            |     4 |     2 |     6 |    22 ||    34
       Potion            |     2 |     3 |     7 |    10 ||    22
 Stab: Sleeping          |     1 |     3 |     9 |     8 ||    21
       Distracted        |       |       |       |     1 ||     1
       Invisible         |       |       |       |     2 ||     2
  Eat: Chunk             |     3 |     5 |    13 |     1 ||    22
       Meat ration       |       |       |     1 |       ||     1
       Bread ration      |       |       |     1 |       ||     1
       Fruit             |       |       |       |    10 ||    10
       Royal jelly       |       |       |       |     6 ||     6
Armor: Robe              |    13 |    13 |    12 |       ||    38
       Skin              |       |     2 |    14 |     5 ||    21
       Leather armour    |       |       |   109 |    73 ||   182
Dodge: Dodged            |    84 |    72 |   539 |   361 ||  1056
Block: Buckler           |       |     7 |   175 |   208 ||   390
       Other             |       |       |    72 |    59 ||   131
       Reflection        |       |       |     4 |     9 ||    13

Table legend:
 A = Spawn XP
 B = Non-spawn XP
 C = Spawn XP percentage of total XP
 D = Spawn monster count
 E = Non-spawn monster count
 F = Spawn count percentage of total count
 G = Total turns spent on level
                    A         B        C        D         E        F      G
               +---------+---------+-------+---------+---------+-------+---------
         Total |       0 |   14653 |   0.0 |       0 |     245 |   0.0 | 17953
               +---------+---------+-------+---------+---------+-------+---------
           D:1 |       0 |      27 |   0.0 |       0 |      17 |   0.0 |  1388
           D:2 |       0 |      33 |   0.0 |       0 |      12 |   0.0 |   928
           D:3 |       0 |     483 |   0.0 |       0 |      33 |   0.0 |  1378
           D:4 |       0 |     637 |   0.0 |       0 |      21 |   0.0 |  1490
           D:5 |       0 |     623 |   0.0 |       0 |      21 |   0.0 |   900
           D:6 |       0 |     497 |   0.0 |       0 |      17 |   0.0 |  1035
           D:7 |       0 |    2029 |   0.0 |       0 |      34 |   0.0 |  2689
           D:8 |       0 |    1969 |   0.0 |       0 |      14 |   0.0 |  1619
           D:9 |       0 |    1497 |   0.0 |       0 |      16 |   0.0 |  1465
          D:10 |       0 |    5104 |   0.0 |       0 |      28 |   0.0 |  3157
          D:11 |       0 |    1566 |   0.0 |       0 |      13 |   0.0 |   718
          D:12 |       0 |      36 |   0.0 |       0 |       1 |   0.0 |   117
         Sewer |       0 |     152 |   0.0 |       0 |      18 |   0.0 |   937
               +---------+---------+-------+---------+---------+-------+---------
